 Dungeon Crawl Stone Soup version 0.19-a0-1341-g3513869 (webtiles) character file.

132 JustSomeDude the Shield-Bearer (level 4, 0/52 HPs)
             Began as a Demonspawn Fighter on Aug 30, 2016.
             Was a Believer of Ashenzari.
             Succumbed to a worker ant's poison
             ... on level 4 of the Dungeon on Sept 1, 2016.
             The game lasted 00:07:32 (2242 turns).

JustSomeDude the Shield-Bearer (Demonspawn Fighter) Turns: 2242, Time: 00:07:32

Health: 0/52       AC: 22    Str: 22    XL:     4   Next: 92%
Magic:  4/4        EV:  2    Int:  9    God:    Ashenzari [**....]
Gold:   48         SH: 10    Dex: 18    Spells: 0 memorised, 3 levels left

rFire  . . .     SeeInvis .     a - +0 war axe
rCold  . . .     Gourm    .     (armour currently unavailable)
rNeg   + + +     Faith    .     c - +0 shield
rPois  +         Spirit   .     (helmet currently unavailable)
rElec  .         Dismiss  .     (cloak currently unavailable)
rCorr  .         Reflect  .     (gloves currently unavailable)
MR     .....     Harm     .     (boots currently unavailable)
Stlth  +++....... NoTele   +    (no amulet)
                                (no ring)
                                (no ring)

@: mighty, agile, lethally poisoned (0 -> -6), tree-form
A: (talons 0)
a: Curse Item, Scrying, Renounce Religion


You were on level 4 of the Dungeon.
You worshipped Ashenzari.
Ashenzari was pleased with you.
You were not hungry.
You were a tree.
You visited 1 branch of the dungeon, and saw 4 of its levels.

You collected 48 gold pieces.

Inventory:

Hand Weapons
 a - a +0 war axe (weapon)
Missiles
 l - 3 exploding tomahawks (quivered)
Armour
 b - a +0 scale mail (melded)
 c - a +0 shield (worn)
 n - a +0 cloak (melded)
 q - a +0 pair of boots (melded)
 r - a +0 helmet (melded)
Jewellery
 j - an uncursed ring of ice
 p - an uncursed ring of magical power
Scrolls
 e - 2 scrolls of identify
 o - a scroll of blinking {unknown}
 u - a scroll of fog
Potions
 i - a potion of cure mutation
Comestibles
 f - 2 bread rations
 s - 5 chunks of flesh
 t - a meat ration


   Skills:
 + Level 3.4 Fighting
 + Level 2.4 Axes
 + Level 3.1 Armour
 + Level 1.6 Dodging
 + Level 0.2 Stealth
 + Level 3.7 Shields


You had 3 spell levels left.
You didn't know any spells.

Dungeon Overview and Level Annotations

Branches:
Dungeon (4/15)
 Temple: D:4-7

Altars:
Ashenzari
Zin


Innate Abilities, Weirdness & Mutations

((You have sharp toenails.))


Message History

The worker ant bites you but does no damage.
You feel mightier all of a sudden.
* * * LOW HITPOINT WARNING * * *
You feel sick. You block the worker ant's attack.
You slash the worker ant!
You kill the worker ant!
* * * LOW HITPOINT WARNING * * *
You feel sick.
As you read the scroll labeled SUWUES XIPHYRRIY, it crumbles to dust.
It is a scroll of recharging.
You aren't carrying any rechargeable items.
* * * LOW HITPOINT WARNING * * *
You feel sick.
As you read the scroll labeled CIFFEU OMASM, it crumbles to dust.
You assume a fearsome visage.
Nothing appears to happen.
It was a scroll of fear.
As you read the scroll labeled LUYCOCK EPEAPO, it crumbles to dust.
It is a scroll of identify.
u - a scroll of fog You die...

.... ≈... #≈.. ≈
#.. ≈≈##..
#≈≈..###
#....#####
#..)♣..<.#
#.............#
#............##
#........!....##
..............#
##...........##
#...........#
#..........##


There were no monsters in sight!

Vanquished Creatures
  A worker ant (D:4)
  2 adders
  2 oozes (D:1)
  2 worms
  3 dart slugs (D:2)
  3 giant geckos
  2 orcs
  7 bats
  A giant cockroach (D:1)
  2 goblins
  6 hobgoblins
  9 jackals
  A quokka (D:3)
  7 giant newts
  12 kobolds
  6 rats
66 creatures vanquished.

Notes
Turn   | Place    | Note
-------+----------+-------------------------------------------
     0 | D:1      | JustSomeDude the Demonspawn Fighter began the quest for the Orb.
     0 | D:1      | Reached XP level 1. HP: 18/18 MP: 1/1
   101 | D:1      | Gained mutation: You have sharp toenails. [demonic ancestry]
   101 | D:1      | Reached XP level 2. HP: 18/24 MP: 2/2
   277 | D:1      | Upgraded the game from 0.19-a0-1292-g796ee4d to 0.19-a0-1320-g0178847
   277 | D:1      | Upgraded the game from 0.19-a0-1320-g0178847 to 0.19-a0-1341-g3513869
   440 | D:1      | Reached XP level 3. HP: 26/29 MP: 3/3
   883 | D:2      | Found a faded altar of an unknown god.
   921 | D:2      | Reached skill level 1 in Dodging
  1014 | D:2      | Became a worshipper of Ashenzari the Shackled
  1014 | D:2      | Reached * piety under Ashenzari
  1151 | D:2      | Reached XP level 4. HP: 19/35 MP: 4/4
  1622 | D:3      | Found a glowing silver altar of Zin.
  1937 | D:3      | Reached ** piety under Ashenzari
  2238 | D:4      | HP: 2/52 [poisoned by a worker ant]
  2242 | D:4      | Succumbed to a worker ant's poison

Vault maps used:
D:1:      onia_arrival_mini_spirals, kennysheep_boxes
D:2:      ecumenical_altar_2, first_bread, corexii_hall_statues_l,
          minmay_liquid_box
D:3:      zin_academy
D:4:      minivault_4

Skill      XL: |  1  2  3 |
---------------+----------+-----
Axes           | 2 |  2.4
Shields        | 3 |  3.7
Dodging        | 1 |  1.6
Armour         | 3 |  3.1
Fighting       | |  3.4
Stealth        | |  0.2

Action                   |  1- 3 |  4- 6 || total
-------------------------+-------+-------++-------
Melee: War axe           |   161 |    73 ||   234
       Kick              |    31 |     7 ||    38
  Use: Potion            |       |     5 ||     5
       Scroll            |       |     3 ||     3
  Eat: Chunk             |     1 |     4 ||     5
Armor: Scale mail        |    89 |    49 ||   138
       Skin              |       |     3 ||     3
Dodge: Dodged            |    56 |    30 ||    86
Block: Shield            |    95 |    46 ||   141
